 Dungeon Crawl Stone Soup version 0.23-a0-635-g88ca12a (webtiles) character file.

1622 TheGoonsmith the Basher (level 8, -1/51 HPs)
             Began as a Gargoyle Fighter on Dec 27, 2018.
             Was a Priest of Okawaru.
             Slain by a two-headed ogre
             ... wielding a +0 dire flail
              (4 damage)
             ... on level 6 of the Dungeon.
             The game lasted 00:10:34 (6138 turns).

TheGoonsmith the Basher (Gargoyle Fighter)          Turns: 6138, Time: 00:10:35

Health: -1/51      AC: 20    Str: 21    XL:     8   Next: 96%
Magic:  8/8        EV:  7    Int:  9    God:    Okawaru [***...]
Gold:   265        SH:  6    Dex: 10    Spells: 7/7 levels left

rFire    . . .     SeeInvis .   a - +1 flail
rCold    + + .     Gourm    .   u - +2 buckler {rC+}
rNeg     + . .     Faith    .   e - +0 chain mail
rPois    ∞         Spirit   .   A - +0 helmet
rElec    +         Reflect  .   (no cloak)
rCorr    .         Harm     .   (no gloves)
MR       .....                  m - +2 pair of boots
Stlth    ..........             (no amulet)
HPRegen  0.17/turn              l - ring of protection from cold
MPRegen  0.11/turn              o - ring of flight

@: invisible
A: negative energy resistance 1, electricity resistance, unbreathing,
petrification resistance, rot immunity, AC +5
a: Heroism, Renounce Religion, Evoke Flight


You were on level 6 of the Dungeon.
You worshipped Okawaru.
Okawaru was most pleased with you.
You were hungry.

You visited 1 branch of the dungeon, and saw 6 of its levels.

You collected 265 gold pieces.

Inventory:

Hand Weapons
 a - a +1 flail (weapon)
Missiles
 k - 72 arrows
Armour
 b - a +0 scale mail
 c - a +0 shield
 e - a +0 chain mail (worn)
 m - a +2 pair of boots (worn)
 u - a +2 buckler of cold resistance (worn)
 A - a +0 helmet (worn)
Jewellery
 h - an uncursed ring of protection from magic {unknown}
 l - a ring of protection from cold (left hand)
 o - a ring of flight (right hand)
 t - an uncursed ring of positive energy {unknown}
Wands
 g - a wand of acid (7)
 y - a wand of random effects (22)
 z - a wand of paralysis (7)
Scrolls
 d - 4 scrolls of teleportation
 w - a scroll of blinking
 C - a scroll of enchant weapon
Potions
 i - a potion of brilliance {unknown}
 j - 4 potions of lignification
 n - 4 potions of curing
 p - a potion of agility {unknown}
 q - a potion of invisibility
 r - a potion of ambrosia {unknown}
 s - a potion of magic {unknown}
 v - a potion of degeneration {unknown}
 x - 2 potions of heal wounds {unknown}
 B - a potion of might
Comestibles
 f - 13 rations


   Skills:
 - Level 6.0 Fighting
 * Level 8.8 Maces & Flails
 - Level 6.0 Armour
 - Level 4.0 Shields


You had 7 spell levels left.
You didn't know any spells.
Your spell library was empty.

Dungeon Overview and Level Annotations

Branches:
Dungeon (6/15)             Temple (0/1) D:5

Altars:
Dithmenos
Gozag
Nemelex Xobeh
Okawaru
Qazlal
The Shining One

Shops:
D:5 (%(

Annotations:
D:5 2 transporters, soulfreshner's ghost, novice NaHu


Innate Abilities, Weirdness & Mutations

You are resistant to torment.
Your stone body is resilient. (AC +5)
You are immune to poison.
You resist negative energy. (rN+)
You are resistant to electric shocks. (rElec)
You can survive without breathing.
You are immune to petrification.
You are immune to rotting.


Message History

The two-headed ogre hits you with a +0 dire flail.
The two-headed ogre barely misses you.
You barely miss the two-headed ogre. You block the two-headed ogre's attack.
The two-headed ogre hits you with a +0 giant club!
You sock the two-headed ogre!
The two-headed ogre is lightly wounded.
You barely miss the two-headed ogre.
The two-headed ogre is lightly wounded.
The two-headed ogre hits you with a +0 dire flail!
The two-headed ogre closely misses you.
Your chain mail prevents you from hitting the two-headed ogre.
The two-headed ogre is lightly wounded.
The two-headed ogre hits you with a +0 dire flail!
* * * LOW HITPOINT WARNING * * *
The two-headed ogre hits you but does no damage.
You fade into invisibility!
The two-headed ogre hits you with a +0 dire flail!
* * * LOW HITPOINT WARNING * * *
The two-headed ogre hits you with a +0 giant club.
You die...

...........###
#..................# #
#..................###
#...............#####.
#..................##.
#.........#...........
#.........#...........
#.........#...........
#...O@....#...........
#.........'...........
###########...........
#...........
#########... ####


You could see a two-headed ogre.

Vanquished Creatures
  An ice beast (D:6)
  2 sky beasts (D:6)
  2 ogres
  2 phantoms
  2 bullfrogs (D:6)
  A scorpion (D:5)
  2 howler monkeys
  4 crimson imps
  A bullfrog zombie (D:5)
  A centaur zombie (D:6)
  3 hounds
  3 jellies
  An orc priest (D:5)
  Ijyb (D:3)
  An iguana (D:4)
  An orc wizard (D:5)
  A hound zombie (D:6)
  A hound skeleton (D:4)
  Robin (D:3)
  A howler monkey skeleton (D:6)
  7 adders
  An ooze (D:4)
  An adder skeleton (D:6)
  4 worms
  5 dart slugs
  4 leopard geckos
  17 orcs
  6 giant cockroaches
  11 goblins
  8 hobgoblins
  16 jackals
  6 kobolds
  4 quokkas
  A ball python (D:4)
  A bat (D:3)
  6 frilled lizards
  A jackal zombie (D:5)
  A leopard gecko skeleton (D:4)
  8 rats
140 creatures vanquished.

Notes
Turn   | Place    | Note
-------+----------+-------------------------------------------
     0 | D:1      | TheGoonsmith the Gargoyle Fighter began the quest for the
                  | Orb.
     0 | D:1      | Reached XP level 1. HP: 14/14 MP: 1/1
   166 | D:1      | Reached XP level 2. HP: 19/19 MP: 2/2
   927 | D:1      | Reached XP level 3. HP: 23/23 MP: 3/3
  1358 | D:2      | Reached skill level 3 in Maces & Flails
  1404 | D:2      | Found a glowing golden altar of the Shining One.
  1528 | D:2      | Reached XP level 4. HP: 18/29 MP: 4/4
  1969 | D:2      | Found an iron altar of Okawaru.
  1987 | D:2      | Became a worshipper of Warmaster Okawaru
  2293 | D:3      | Found a stormy altar of Qazlal.
  2441 | D:3      | Found an opulent altar of Gozag.
  2445 | D:3      | Found a sparkling altar of Nemelex Xobeh.
  2545 | D:3      | Reached XP level 5. HP: 31/33 MP: 5/5
  2730 | D:3      | Noticed Ijyb
  2740 | D:3      | Killed Ijyb
  2849 | D:3      | Noticed Robin
  2858 | D:3      | Killed Robin
  3109 | D:4      | Noticed an ogre
  3111 | D:4      | Noticed a phantom
  3363 | D:4      | Noticed an ogre
  3368 | D:3      | Reached skill level 4 in Maces & Flails
  3469 | D:3      | Killed an ogre
  3469 | D:3      | Reached XP level 6. HP: 8/39 MP: 6/6
  3759 | D:4      | Reached * piety under Okawaru
  3918 | D:4      | Reached skill level 5 in Fighting
  3918 | D:4      | Reached skill level 5 in Maces & Flails
  3918 | D:4      | Reached skill level 5 in Armour
  3918 | D:4      | Reached XP level 7. HP: 22/44 MP: 7/7
  4246 | D:4      | Found a shadowy altar of Dithmenos.
  4587 | D:5      | Entered Level 5 of the Dungeon
  4593 | D:5      | Found Qadatudd's Food Boutique.
  4626 | D:5      | Found Neuhaxuo's Antique Weapon Boutique.
  4939 | D:5      | Reached skill level 6 in Maces & Flails
  4989 | D:5      | Reached ** piety under Okawaru
  5213 | D:5      | Reached XP level 8. HP: 48/51 MP: 8/8
  5324 | D:5      | Found Yphes's Antique Weapon Shop.
  5338 | D:5      | Found a staircase to the Ecumenical Temple.
  5368 | D:5      | Noticed soulfreshner's ghost (novice NaHu)
  5383 | D:5      | Found a transporter.
  5387 | D:5      | Found a transporter.
  5815 | D:6      | Reached skill level 7 in Maces & Flails
  5953 | D:6      | Reached skill level 8 in Maces & Flails
  6110 | D:6      | Reached *** piety under Okawaru
  6130 | D:6      | Noticed a two-headed ogre
  6138 | D:6      | Slain by a two-headed ogre

Vault maps used:
D:1:      shiori_shiawase, serial_forest, infiniplex_forest_clump_C,
          infiniplex_forest_diagonal, infiniplex_forest_clump_curved,
          infiniplex_forest_end_1, infiniplex_forest_corner_1,
          infiniplex_forest_straight_1, infiniplex_forest_end_2,
          minmay_pentomino_w2
D:2:      okawaru_gym_becter, lemuel_coloured_pillars_altar, serial_forest,
          infiniplex_forest_end_3, infiniplex_forest_lined_3_way,
          infiniplex_forest_corner_1, infiniplex_forest_clump_curved,
          infiniplex_forest_clump_C, infiniplex_forest_straight_4,
          infiniplex_forest_straight_5, infiniplex_forest_corner_1,
          infiniplex_forest_clump_long, minmay_indecisive_spiral
D:3:      nicolae_qazlal_general_emergency, nicolae_overflow_crystal_walls,
          nemelex_xobeh_ov_fountains_minmay, uniq_robin, uniq_ijyb
D:4:      grunt_dithmenos_smoke, first_ration, minmay_strange_pillars
D:5:      minmay_temple_entry_antechambers, gammafunk_ghost_hive, serial_shops,
          shop_fountains, shop, shop, dk_noncrumbling_2

Skill      XL: |  1  2  3  4  5  6  7  8 |
---------------+-------------------------+-----
Maces & Flails | 3 4 5 6 8 |  8.8
Fighting       | 4 5 6 |  6.0
Armour         | 4 5 6 |  6.0
Shields        | 4 |  4.0

Action                   |  1- 3 |  4- 6 |  7- 9 || total
-------------------------+-------+-------+-------++-------
Melee: Flail             |   136 |   200 |   314 ||   650
Invok: Heroism           |       |       |     1 ||     1
  Use: Scroll            |       |     8 |     6 ||    14
       Potion            |       |     1 |     1 ||     2
  Eat: Chunk             |     1 |     8 |     8 ||    17
Armor: Scale mail        |    69 |   152 |     6 ||   227
       Chain mail        |       |       |   223 ||   223
Dodge: Dodged            |    52 |   140 |    97 ||   289
Block: Shield            |    79 |    15 |       ||    94
       Buckler           |       |    86 |    96 ||   182

Table legend:
 A = Non-vault XP
 B = Vault XP
 C = Vault XP percentage of total XP
 D = Non-vault monster count
 E = Vault monster count
 F = Vault count percentage of total count
                 A         B        C        D         E       F
            +---------+---------+-------+---------+---------+-------
      Total |    2245 |      73 |   3.1 |     126 |      14 |  10.0
            +---------+---------+-------+---------+---------+-------
        D:1 |      35 |       0 |   0.0 |      18 |       0 |   0.0
        D:2 |      63 |       5 |   7.4 |      25 |       4 |  13.8
        D:3 |     320 |      68 |  17.5 |      26 |      10 |  27.8
        D:4 |     423 |       0 |   0.0 |      20 |       0 |   0.0
        D:5 |     533 |       0 |   0.0 |      14 |       0 |   0.0
        D:6 |     871 |       0 |   0.0 |      23 |       0 |   0.0
            +---------+---------+-------+---------+---------+-------
